 Dungeon Crawl Stone Soup version 0.17.0-28-g6e173f8 (webtiles) character file.

116 lucasterio the Digger (level 5, -3/28 HPs)
             Began as a Gargoyle Earth Elementalist on Nov 29, 2015.
             Killed by nerve-wracking pain
             ... invoked by Grinder
              (13 damage)
             ... on level 3 of the Dungeon.
             The game lasted 00:19:11 (3058 turns).

lucasterio the Digger (Gargoyle Earth Elementalist) Turns: 3058, Time: 00:19:12

Health: -3/28      AC:  6    Str: 11    XL:     5   Next: 0%
Magic:  0/9        EV: 12    Int: 17    God:
Gold:   60         SH:  0    Dex: 10    Spells: 2 memorised, 6 levels left

rFire  . . .     SeeInvis .     h - +0 dagger
rCold  . . .     Clarity  .     a - +0 robe
rNeg   + . .     SustAt   .     (no shield)
rPois  ∞         Gourm    .     (no helmet)
rElec  +         Spirit   .     (no cloak)
rCorr  .         Warding  .     (no gloves)
rMut   .         Stasis   .     (no boots)
MR     .....                    (no amulet)
Stlth  ++........               (no ring)
                                (no ring)

@: not resistant to hostile enchantments, unstealthy
A: negative energy resistance 1, electricity resistance, unbreathing,
petrification resistance, rot immunity, AC +4
a: no special abilities


You were on level 3 of the Dungeon.
You were not hungry.

You visited 1 branch of the dungeon, and saw 3 of its levels.

You collected 60 gold pieces.

Inventory:

Hand Weapons
 h - a +0 dagger (weapon)
Missiles
 b - 62 stones (quivered)
Armour
 a - a +0 robe (worn)
Jewellery
 g - an uncursed amulet of regeneration {unknown}
 j - a +3 ring of protection {unknown}
 k - an uncursed amulet of the gourmand {unknown}
Scrolls
 e - 5 scrolls of identify {unknown}
 i - a scroll of fear {unknown}
 l - a scroll of remove curse {unknown}
 n - a scroll of immolation {unknown}
 p - a scroll of noise {unknown}
 q - a scroll of amnesia {unknown}
 r - a scroll of enchant weapon {unknown}
 s - a scroll of fog {unknown}
Potions
 m - a potion of brilliance {unknown}
 o - a potion of ambrosia {unknown}
 t - a potion of cancellation {unknown}
Books
 c - a book of Geomancy

   Spells                             Type                      Level
   a - Sandblast                      Earth                        1
   b - Stoneskin                      Transmutation/Earth          2
   c - Passwall                       Transmutation/Earth          3
   d - Stone Arrow                    Conjuration/Earth            3
   e - Petrify                        Transmutation/Earth          4
   f - Lee's Rapid Deconstruction     Earth                        5
Comestibles
 d - 2 bread rations


   Skills:
 - Level 1.5 Dodging
 - Level 2.1 Stealth
 + Level 3.0 Spellcasting
 * Level 2.2 Conjurations
   Level 0.7 Transmutations
 + Level 5.1 Earth Magic


You had 6 spell levels left.
You knew the following spells:

 Your Spells              Type           Power        Failure   Level  Hunger
a - Sandblast             Erth           ###...       2%          1    None
b - Stone Arrow           Conj/Erth      ###...       14%         3    ###....


Dungeon Overview and Level Annotations

Branches:
Dungeon (3/15)

Altars:

Annotations:
D:3 Grinder


Innate Abilities, Weirdness & Mutations

You are resistant to torment.
Your stone body is resilient (AC +4).
You are immune to poison.
You resist negative energy.
You are resistant to electric shocks.
You can survive without breathing.
You are immune to petrification.
You are immune to rotting.


Message History

The blast of sand hits Grinder.
Grinder is heavily wounded.
Grinder hits you.
You hit Grinder.
Grinder is heavily wounded.
Grinder closely misses you.
You hit Grinder.
Grinder is severely wounded.
Grinder hits you.
You hit Grinder.
Grinder is severely wounded.
Grinder hits you.
You hit Grinder but do no damage.
Grinder is severely wounded.
Grinder hits you but does no damage.
You closely miss Grinder.
Grinder is severely wounded.
Grinder gestures at you. Pain shoots through your body!
You die...

.....# ##...## #........ ####...#
##.....## #........ ......§##
##.......## #........
#####...####.........####......##
#.......'.........+...........
##....###.........####.(.#.###
##.#.# ##.......## ##.##.###
###.# ##..5..## #........ #.#
##.@.## #.###.##. ##.## ##'## #.#
#.##. ##...## #.# #.# #.##.
#.....#####.# #.# #.##.
#...........########.# #.##.
#..<..####........##.# #.##.
##...## #.....#......###.##.
##### ##...##.#.##........
##.###.#.##.###.###


You could see Grinder.

Vanquished Creatures
  Jessica (D:2)
  2 adders
  A worm (D:2)
  3 giant geckos
  An orc (D:3)
  A ball python (D:2)
  10 bats
  4 giant cockroaches
  12 goblins
  3 hobgoblins
  5 jackals
  3 quokkas (D:2)
  5 giant newts
  8 kobolds
  3 rats (D:1)
62 creatures vanquished.

Notes
Turn   | Place    | Note
--------------------------------------------------------------
     0 | D:1      | lucasterio the Gargoyle Earth Elementalist began the quest for the Orb.
     0 | D:1      | Reached XP level 1. HP: 10/10 MP: 3/3
   368 | D:1      | Reached skill level 4 in Earth Magic
   368 | D:1      | Reached XP level 2. HP: 15/15 MP: 0/5
   588 | D:1      | Reached XP level 3. HP: 6/19 MP: 2/6
  1447 | D:2      | Learned a level 3 spell: Stone Arrow
  1629 | D:2      | Noticed Jessica
  1699 | D:2      | Killed Jessica
  1699 | D:2      | Reached skill level 1 in Conjurations
  1699 | D:2      | Reached skill level 5 in Earth Magic
  1699 | D:2      | Reached XP level 4. HP: 20/24 MP: 0/8
  2874 | D:3      | Reached XP level 5. HP: 28/28 MP: 5/9
  2886 | D:3      | Noticed Grinder
  3045 | D:3      | Paralysed by Grinder for 5 turns
  3058 | D:3      | Killed from afar by Grinder

Action                   |  1- 3 |  4- 6 || total
-------------------------+-------+-------++-------
Melee: Dagger            |   151 |    74 ||   225
 Cast: Sandblast         |    27 |    11 ||    38
       Stone Arrow       |     3 |    15 ||    18
 Stab: Sleeping          |     1 |     3 ||     4
  Eat: Chunk             |     3 |     3 ||     6
       Meat ration       |       |     1 ||     1
